 Dungeon Crawl Stone Soup version 0.28-a0-983-g1de4e0787c (webtiles) character file.

Game seed: 18164280186756050570

290 ytrimaz the Covered (level 6, 0/48 HPs)
             Began as a Formicid Fighter on Dec 2, 2021.
             Succumbed to a gnoll's poison
             ... on level 4 of the Dungeon.
             The game lasted 00:04:19 (4120 turns).

ytrimaz the Covered (Formicid Fighter)              Turns: 4120, Time: 00:04:20

Health: 0/48       AC: 13    Str: 21 (23) XL:     6   Next: 58%
Magic:  6/6        EV:  9    Int:  4 (5)  God:
Gold:   134        SH:  4    Dex: 11 (14) Spells: 5/5 levels left

rFire   + . .      SeeInvis +   a - +0 war axe
rCold   . . .      Faith    .   c - +0 buckler
rNeg    . . .      Spirit   .   b - +0 scale mail
rPois   .          Reflect  .   (helmet unavailable)
rElec   .          Harm     .   h - +0 cloak
rCorr   .          Rampage  .   (no gloves)
Will    +....                   j - +0 pair of boots
Stlth   ..........              (no amulet)
HPRegen 0.16/turn               i - ring of willpower
MPRegen 0.10/turn               k - ring "Nastryl" {AC+4 Dex+4}

@: lethally poisoned (0 -> -2), invisible
A: permanent stasis, dig shafts and tunnels, antennae 3, four strong arms,
deterioration 1, dopey 1, fire resistance 1, MP-powered wands
a: Dig, Shaft Self


You were on level 4 of the Dungeon.
You visited 1 branch of the dungeon, and saw 4 of its levels.
You also visited: Sewer.

You collected 134 gold pieces.

Inventory:

Hand Weapons
 a - a +0 war axe (weapon)
Armour
 b - a +0 scale mail (worn)
 c - a +0 buckler (worn)
 h - a +0 cloak (worn)
 j - a +0 pair of boots (worn)
Jewellery
 i - a ring of willpower (left hand)
 k - the ring "Nastryl" (right hand) {AC+4 Dex+4}
   (You acquired it on level 4 of the Dungeon)

   [ring of protection]

   AC:        It affects your AC (+4).
   Dex:       It affects your dexterity (+4).
Wands
 f - a wand of digging (4)
Potions
 d - a potion of might
 l - 4 potions of haste
 m - 3 potions of magic


   Skills:
 + Level 4.3 Fighting
 + Level 4.6 Axes
 + Level 4.7 Armour
 + Level 4.3 Shields


You had 5 spell levels left.
You didn't know any spells.
Your spell library contained the following spells:

 Spells                   Type           Power      Damage    Failure   Level
 Magic Dart               Conj           0%         1d3       83%         1
 Passwall                 Tmut/Erth      0%         N/A       92%         2
 Searing Ray              Conj           0%         2d4       92%         2
 Fulminant Prism          Conj/Hex       0%         3d6       100%        4
 Swiftness                Air            Unusable   N/A       N/A         3

Dungeon Overview and Level Annotations

Branches:
Dungeon (4/15)              Sewer (visited)
 Temple: D:4-7

Altars:
Xom

Annotations:
D:3 3 runed translucent doors, bande's ghost, amateur GrFi; rougesareth's ghost, amateur HOMo


Innate Abilities, Weirdness & Mutations

You cannot be hasted, slowed, berserked, paralysed or teleported.
You can dig through walls and to a lower floor.
You have a pair of large antennae on your head. (SInv)
Your four strong arms can wield two-handed weapons with a shield.
Your body sometimes deteriorates upon taking damage.
You are dopey. (Int -2)
Your flesh is heat resistant. (rF+)
You expend magic power (3 MP) to strengthen your wands.


Message History

The hound skeleton bites you but does no damage.
You block the gnoll's attack.
It was a potion of invisibility.
You fade into invisibility!
* * * LOW HITPOINT WARNING * * *
You feel sick. The hound skeleton barely misses you.
You block the gnoll's attack.
It was a potion of heal wounds.
You feel much better.
You feel sick. The hound skeleton closely misses you.
The gnoll hits you but does no damage.
The gnoll hits you from afar with a +2 spear of venom.
* * * LOW HITPOINT WARNING * * *
You are lethally poisoned!
The gnoll barely misses you. The hound skeleton closely misses you.
The gnoll closely misses you.
* * * LOW HITPOINT WARNING * * *
You feel very sick.
* * * LOW HITPOINT WARNING * * *
You feel sick. The gnoll barely misses you.
* * * LOW HITPOINT WARNING * * *
You feel sick.
* * * LOW HITPOINT WARNING * * *
You feel sick.
* * * LOW HITPOINT WARNING * * *
You feel sick.
Okay, then.
Really quaff the potion of mutation?
Okay, then.
Really quaff the potion of mutation?
You feel extremely strange.
Your hooves expand and flesh out into feet!
You feel stupid.
You feel yourself wasting away.
You feel your magical essence link to the dungeon's wands.
* * * LOW HITPOINT WARNING * * *
You feel sick.
Unknown command.
* * * LOW HITPOINT WARNING * * *
You feel sick. The gnoll misses you.
* * * LOW HITPOINT WARNING * * *
You feel sick.
You die...

. ####..# #§§§... .#
#.....## ##§§§... ..# ###
#......###§§§§... ...# #.##
##......##..#§§...
#..###..#
#..........##..... #..#...#
#.........## ..... #.....#
#.........# #....
###.....### #.........#
....
#........Z#####@.>......#
#...
..........gg.gg..........#
...
....#.....###..)#.........#
..###.....# #..##.........#
.# #.....# #..##.........#
. #....## #..###.......#
##...# #..# ....... #...#
#..# ....## #...# #..#
#..##


You could see 4 gnolls.

Vanquished Creatures
  A kobold brigand (Sewer)
  Ijyb (D:3)
  An orc wizard (D:3)
  4 adders
  5 river rats (Sewer)
  A worm (D:3)
  A dart slug (D:2)
  5 orcs
  8 ball pythons
  4 endoplasms
  4 giant cockroaches
  2 goblins (D:2)
  3 hobgoblins (D:1)
  20 kobolds
  3 quokkas
  4 bats
  2 frilled lizards
  27 rats
96 creatures vanquished.

Vanquished Creatures (others)
  3 plants (D:1)
3 creatures vanquished.

Grand Total: 99 creatures vanquished

Notes
Turn   | Place    | Note
-------+----------+-------------------------------------------
     0 | D:1      | ytrimaz the Formicid Fighter began the quest for the Orb.
     0 | D:1      | Reached XP level 1. HP: 18/18 MP: 1/1
   195 | D:1      | Reached XP level 2. HP: 22/24 MP: 2/2
   253 | D:1      | Found a faded altar of an unknown god.
   929 | D:2      | Reached XP level 3. HP: 30/30 MP: 3/3
  1312 | D:2      | Found a shimmering altar of Xom.
  1726 | D:3      | Reached XP level 4. HP: 19/37 MP: 4/4
  2018 | D:3      | Found a glowing drain.
  2041 | Sewer    | Entered a sewer
  2310 | Sewer    | Reached XP level 5. HP: 40/42 MP: 5/5
  2765 | Sewer    | Noticed a kobold brigand
  2786 | Sewer    | HP: 3/60 [kobold brigand (4)]
  2788 | Sewer    | Killed a kobold brigand
  2789 | Sewer    | Reached XP level 6. HP: 4/48 MP: 6/6
  3247 | D:3      | Found a runed translucent gate.
  3248 | D:3      | Found a runed translucent gate.
  3266 | D:3      | Found a runed translucent gate.
  3268 | D:3      | Noticed bande's ghost (amateur GrFi)
  3268 | D:3      | Noticed rougesareth's ghost (amateur HOMo)
  3470 | D:3      | Noticed Ijyb
  3485 | D:3      | Killed Ijyb
  4062 | D:4      | Identified a scroll of acquirement
  4062 | D:4      | Acquired the ring "Nastryl" {AC+4 Dex+4}
  4109 | D:4      | Gained mutation: You have large cloven feet. [potion of
                  | mutation]
  4109 | D:4      | Gained mutation: Your flesh is heat resistant. (rF+)
                  | [potion of mutation]
  4110 | D:4      | HP: 2/48 [poisoned by a gnoll]
  4117 | D:4      | Lost mutation: You have large cloven feet. [potion of
                  | mutation]
  4117 | D:4      | Gained mutation: You are dopey. (Int -2) [potion of
                  | mutation]
  4117 | D:4      | Gained mutation: Your body sometimes deteriorates upon
                  | taking damage. [potion of mutation]
  4117 | D:4      | Gained mutation: You expend magic power (3 MP) to
                  | strengthen your wands. [potion of mutation]
  4117 | D:4      | HP: 2/48 [poisoned by a gnoll]
  4120 | D:4      | Succumbed to a gnoll's poison

Illustrated notes

Levels and vault maps discovered:
D:1:      grunt_arrival_lava_bath, layout_basic,
          shapermc_ecumenical_altar_mp_ritualfount
D:2:      layout_basic, basic_altar
D:3:      layout_loops_cross, portal_sewer_entry_b, gammafunk_ghost_cemetery,
          uniq_ijyb
D:4:      layout_cave_pods

Skill      XL: |  1  2  3  4  5 |
---------------+----------------+-----
Shields        | 4 |  4.3
Armour         | 4 |  4.7
Axes           | 3 4 |  4.6
Fighting       | 4 |  4.3

Action                   |  1- 3 |  4- 6 || total
-------------------------+-------+-------++-------
Melee: War axe           |    93 |   168 ||   261
  Use: Scroll            |     1 |     3 ||     4
       Potion            |       |     9 ||     9
Armor: Scale mail        |    51 |    86 ||   137
       Skin              |       |     8 ||     8
Dodge: Dodged            |    53 |   107 ||   160
Block: Buckler           |    16 |    47 ||    63

Table legend: (Time is in decaauts)
 A = Elapsed time spent in this place.
 B = Non-inter-level travel time spent in this place.
 C = Inter-level travel time spent in this place.
 D = Time resting spent in this place.
 E = Time spent auto-exploring this place.
 F = Levels seen in this place.
 G = Mean time per level.
                   A        B        C        D        E       F      G
               +--------+--------+--------+--------+--------+-----+--------+
         Total |   4240 |   4135 |    105 |    670 |   2558 |   5 |  848.0 |
       Dungeon |   2988 |   2883 |    105 |    312 |   1955 |   4 |  747.0 |
         Sewer |   1252 |   1252 |      0 |    358 |    603 |   1 | 1252.0 |
               +--------+--------+--------+--------+--------+-----+--------+

Top non-repeatable levels by time:
   Sewer: 1252 daAuts
     D:3: 1161 daAuts
     D:2: 972 daAuts
     D:1: 794 daAuts
     D:4: 59 daAuts
